 Dungeon Crawl Stone Soup version 0.22.1-1-ga44c0e56f4 (webtiles) character file.

9166 Qew7 the Blocker (level 11, -6/95 HPs)
             Began as a Minotaur Fighter on Oct 24, 2018.
             Was a High Priest of Kikubaaqudgha.
             Mangled by a two-headed ogre
             ... wielding a +0 giant spiked club
              (8 damage)
             ... on level 9 of the Dungeon.
             The game lasted 00:41:00 (8378 turns).

Qew7 the Blocker (Minotaur Fighter)                 Turns: 8378, Time: 00:41:01

Health: -6/95      AC: 11    Str: 23    XL:     11   Next: 19%
Magic:  10/10      EV: 10    Int:  5    God:    Kikubaaqudgha [*****.]
Gold:   510        SH: 19    Dex: 11    Spells: 10/10 levels left

rFire    . . .     SeeInvis .   o - +4 hand axe of the Scavenger {flame, rN+}
rCold    + . .     Gourm    .   c - +1 shield
rNeg     + + .     Faith    .   B - +2 ring mail {rC+}
rPois    .         Spirit   .   (helmet restricted)
rElec    .         Reflect  +   C - +1 cloak {+Inv}
rCorr    +         Harm     .   (no gloves)
MR       .....                  (no boots)
Stlth    +.........             r - +5 amulet of reflection
HPRegen  0.25/turn              D - ring of positive energy
MPRegen  0.12/turn              g - ring of resist corrosion

@: no status effects
A: retaliatory headbutt, horns 2
a: Receive Corpses, Torment, Renounce Religion, Evoke Invisibility


You were on level 9 of the Dungeon.
You worshipped Kikubaaqudgha.
Kikubaaqudgha was extremely pleased with you.
You were not hungry.

You visited 1 branch of the dungeon, and saw 9 of its levels.
You also visited: Sewer, Ossuary and Bailey.

You collected 510 gold pieces.

Inventory:

Hand Weapons
 a - a +0 war axe
 o - the +4 hand axe of the Scavenger (weapon) {flame, rN+}
   (You found it on level 4 of the Dungeon)

   It has been specially enchanted to burn those struck by it, causing extra
   injury to most foes and up to half again as much damage against particularly
   susceptible opponents.
   Big, fiery blades are also staple armaments of hydra-hunters.
   It protects you from negative energy.
 t - a +1 arbalest
Missiles
 u - 15 poisoned needles
 J - 140 bolts
Armour
 b - a +0 scale mail
 c - a +1 shield (worn)
 h - a +2 ring mail of fire resistance
 y - a +0 leather armour
 z - a +1 helmet
 B - a +2 ring mail of cold resistance (worn)
 C - a +1 cloak of invisibility (worn)
Jewellery
 g - a ring of resist corrosion (right hand)
 q - an uncursed amulet of regeneration
 r - a +5 amulet of reflection (around neck)
 D - a ring of positive energy (left hand)
 O - an uncursed amulet of the gourmand
Wands
 x - a wand of enslavement (16)
 K - a wand of iceblast (8)
 L - a wand of acid (7)
 N - a wand of random effects (26)
 P - a wand of polymorph (10)
Scrolls
 i - a scroll of amnesia {unknown}
 l - 2 scrolls of magic mapping
 p - 7 scrolls of remove curse
 s - a scroll of brand weapon {unknown}
 v - 7 scrolls of teleportation
 E - 6 scrolls of identify
 H - a scroll of random uselessness {unknown}
 I - 2 scrolls of fog
 M - 2 scrolls of enchant weapon
Potions
 d - 2 potions of mutation {unknown}
 e - 3 potions of curing {unknown}
 j - 2 potions of cancellation {unknown}
 k - a potion of resistance {unknown}
 m - 5 potions of agility
 n - a potion of ambrosia {unknown}
 w - a potion of lignification {unknown}
 A - 5 potions of degeneration {unknown}
 F - 2 potions of magic {unknown}
 G - 2 potions of invisibility {unknown}
 R - 2 potions of haste
Comestibles
 f - 5 rations


   Skills:
 + Level 8.3 Fighting
 + Level 11.6 Axes
 + Level 7.3 Armour
 * Level 14.2 Shields
 + Level 0.2 Evocations


You had 10 spell levels left.
You didn't know any spells.
Your spell library contained the following spells:

 Spells                   Type           Power        Failure   Level  Hunger
 Animate Skeleton         Necr           N/A          65%         1    ##.....
 Corona                   Hex            #......      65%         1    ##.....
 Pain                     Necr           #...         65%         1    ##.....
 Ensorcelled Hibernation  Hex/Ice        #.....       80%         2    ###....
 Sublimation of Blood     Necr           #.........   80%         2    ###....
 Confuse                  Hex            #.......     95%         3    ####...
 Dazzling Spray           Conj/Hex       #.....       95%         3    ####...
 Regeneration             Chrm/Necr      #.........   95%         3    ####...
 Tukima's Dance           Hex            #.......     95%         3    ####...
 Animate Dead             Necr           N/A          100%        4    #####..
 Agony                    Necr           #.......     100%        5    ######.
 Bolt of Draining         Conj/Necr      #.........   100%        5    ######.
 Borgnjor's Vile Clutch   Necr/Erth      #.........   100%        5    ######.
 Dispel Undead            Necr           #.......     100%        5    ######.


Dungeon Overview and Level Annotations

Branches:
Dungeon (9/15)             Temple (0/1) D:6
   Lair: D:8-11         Orc: D:9-12

Altars:
Ashenzari
Cheibriados
Fedhas
Kikubaaqudgha
Makhleb
Nemelex Xobeh
Ru
Sif Muna
Vehumet
Wu Jian


Innate Abilities, Weirdness & Mutations

You reflexively headbutt those who attack you in melee.
You have a pair of horns on your head.


Message History

The porcupine is almost dead.
The porcupine completely misses you. You furiously retaliate!
You headbutt the porcupine.
You kill the porcupine!
Kikubaaqudgha accepts your kill.
You hit the two-headed ogre but do no damage.
You headbutt the two-headed ogre!
The two-headed ogre is lightly wounded.
You block the two-headed ogre's attack.
The two-headed ogre hits you with a dire flail!
* * * LOW HITPOINT WARNING * * *
You slash the two-headed ogre! You burn the two-headed ogre.
Your headbutt misses the two-headed ogre.
The two-headed ogre is moderately wounded.
You hit the two-headed ogre but do no damage.
You headbutt the two-headed ogre.
The two-headed ogre is moderately wounded.
The two-headed ogre hits you with a giant spiked club!
You die...
Kikubaaqudgha rasps: "You have failed me!
Welcome... death!"

....%..%........
.....P?.........
.....(..........
...............
#............. .. .#
#..<.#†#######.#..
...####†)...........
.......††.#######.#
...##.†@..†###....###
......†O.).)†........
.##..##.##()......###
...r#
#....)†..†....#. P.P.
#............... ...
#..#.##.#....... ..
...##.##...##....
P..###..<##....##.
.......##..#...##


You could see a two-headed ogre and a porcupine.

Vanquished Creatures
  Harold (D:7)
  Pikel (D:4)
  An orc knight (Bailey)
  The ghost of brittlin the Firebug, a novice DrFE of Vehumet (D:6)
  Maurice (D:8)
  The ghost of Wicla the Cudgeler, an amateur TrBe of Trog (D:4)
  A troll (D:9)
  Grinder (D:6)
  A hippogriff (D:7)
  Sigmund (D:4)
  Edmund (D:4)
  Duvessa (D:4)
  A porcupine (D:9)
  9 orc warriors
  2 black bears (D:9)
  2 sky beasts
  4 slaves (D:4)
  3 ogres
  2 phantoms
  3 centaurs
  3 big kobolds
  8 bullfrogs
  A wyvern zombie (D:8)
  Dowan (D:4)
  A scorpion (D:8)
  19 killer bees
  4 wights (D:8)
  3 howler monkeys
  3 crimson imps
  2 hounds (D:4)
  3 centaur zombies
  2 jellies (D:8)
  A centaur skeleton (D:5)
  An orc priest (D:7)
  6 orc wizards
  Ijyb (D:3)
  Jessica (D:2)
  3 bullfrog skeletons
  4 worker ants
  5 iguanas
  A killer bee zombie (D:5)
  3 big kobold zombies (Ossuary)
  2 hound zombies
  3 hound skeletons
  2 mummies (Ossuary)
  2 worker ant zombies
  3 gnolls (D:2)
  10 adders
  2 river rats (Sewer)
  A shadow imp (D:7)
  2 oozes
  An adder skeleton (D:4)
  6 adder zombies (Ossuary)
  2 worms
  A dart slug (D:4)
  9 leopard geckos
  16 orcs
  2 ball pythons (Sewer)
  8 giant cockroaches
  2 gnoll zombies (Ossuary)
  3 goblins
  8 hobgoblins
  23 jackals
  8 quokkas
  8 bats
  5 frilled lizards
  5 hobgoblin zombies (Ossuary)
  12 kobolds
  4 kobold zombies (Ossuary)
  A leopard gecko skeleton (D:4)
  A leopard gecko zombie (D:5)
  3 orc zombies (Ossuary)
  4 rats
  A bush (D:2)
  A fungus (D:1)
275 creatures vanquished.

Vanquished Creatures (others)
  An orc warrior (Bailey)
  2 centaurs
  9 orcs (Bailey)
  A kobold (Sewer)
  10 fungi (D:9)
23 creatures vanquished.

Grand Total: 298 creatures vanquished

Notes
Turn   | Place    | Note
-------+----------+-------------------------------------------
     0 | D:1      | Qew7 the Minotaur Fighter began the quest for the Orb.
     0 | D:1      | Reached XP level 1. HP: 19/19 MP: 0/0
   185 | D:1      | Reached skill level 4 in Shields
   289 | D:1      | Reached XP level 2. HP: 27/27 MP: 1/1
   761 | D:2      | Found a blossoming altar of Fedhas.
   793 | D:2      | Reached XP level 3. HP: 27/33 MP: 2/2
   852 | D:2      | Noticed a phantom
   897 | D:2      | Killed a phantom
   897 | D:2      | Reached skill level 5 in Shields
   897 | D:2      | Reached XP level 4. HP: 28/40 MP: 3/3
   897 | D:2      | Reached XP level 5. HP: 32/46 MP: 4/4
  1044 | D:2      | Noticed Jessica
  1048 | D:2      | Killed Jessica
  1257 | D:2      | Found an ancient bone altar of Kikubaaqudgha.
  1257 | D:2      | Found a deep blue altar of Sif Muna.
  1260 | D:2      | Found a radiant altar of Vehumet.
  1264 | D:2      | Identified Kikubaaqudgha's Tome of Sinister Rituals
  1267 | D:2      | Became a worshipper of Kikubaaqudgha
  1591 | D:3      | Noticed Ijyb
  1603 | D:3      | Killed Ijyb
  2240 | D:4      | Noticed a slave
  2241 | D:4      | Noticed a slave
  2241 | D:4      | Noticed a slave
  2243 | D:4      | Noticed Pikel
  2250 | D:4      | Killed a slave
  2256 | D:4      | Noticed a slave
  2277 | D:4      | Killed Pikel
  2277 | D:4      | Reached skill level 5 in Fighting
  2277 | D:4      | Reached skill level 5 in Armour
  2277 | D:4      | Reached skill level 6 in Shields
  2277 | D:4      | Reached XP level 6. HP: 49/56 MP: 5/5
  2277 | D:4      | Reached XP level 7. HP: 53/61 MP: 6/6
  2304 | D:4      | Reached skill level 7 in Shields
  2405 | D:4      | Found a snail-covered altar of Cheibriados.
  2411 | D:4      | Noticed Duvessa
  2412 | D:4      | Got a transparent hand axe
  2413 | D:4      | Noticed Dowan
  2414 | D:4      | Identified the +4 hand axe of the Scavenger {flame, rN+}
                  | (You found it on level 4 of the Dungeon)
  2423 | D:4      | Killed Duvessa
  2429 | D:4      | Killed Dowan
  2627 | D:4      | Noticed Edmund
  2642 | D:4      | Killed Edmund
  2642 | D:4      | Reached XP level 8. HP: 66/69 MP: 7/7
  2673 | D:4      | Noticed Sigmund
  2677 | D:4      | Killed Sigmund
  2677 | D:4      | Reached * piety under Kikubaaqudgha
  2677 | D:4      | Identified Kikubaaqudgha's Almanac of Darkness
                  | (Kikubaaqudgha gifted it to you on level 4 of the Dungeon)
  2677 | D:4      | Received a gift from Kikubaaqudgha
  2737 | D:4      | Reached skill level 8 in Shields
  2738 | D:4      | Found a runed door.
  2751 | D:4      | Noticed Wicla's ghost (amateur TrBe)
  2950 | D:4      | Found a glowing drain.
  2967 | Sewer    | Entered a sewer
  3545 | D:4      | Killed Wicla's ghost
  3545 | D:4      | Reached skill level 9 in Shields
  3584 | D:5      | Entered Level 5 of the Dungeon
  3724 | D:5      | Reached ** piety under Kikubaaqudgha
  3785 | D:5      | Reached XP level 9. HP: 63/75 MP: 8/8
  3899 | D:5      | Found a sparkling altar of Nemelex Xobeh.
  4006 | D:5      | Found an ornate altar of the Wu Jian Council.
  4328 | D:6      | Reached skill level 10 in Shields
  4331 | D:6      | Found a staircase to the Ecumenical Temple.
  4373 | D:6      | Found a shattered altar of Ashenzari.
  4505 | D:6      | Found a sand-covered staircase.
  4642 | D:6      | Found a runed door.
  4646 | D:6      | Noticed brittlin's ghost (novice DrFE)
  4668 | D:6      | Killed brittlin's ghost
  4813 | D:6      | Noticed Grinder
  4822 | D:6      | Killed Grinder
  4822 | D:6      | Reached skill level 11 in Shields
  4874 | Ossuary  | Entered an ossuary
  4911 | Ossuary  | Reached *** piety under Kikubaaqudgha
  4911 | Ossuary  | Identified Kikubaaqudgha's Reference Book on Black Arts
                  | (Kikubaaqudgha gifted it to you in an ossuary)
  4911 | Ossuary  | Received a gift from Kikubaaqudgha
  5163 | D:7      | Reached skill level 10 in Axes
  5297 | D:7      | Noticed Harold
  5325 | D:7      | Killed Harold
  5325 | D:7      | Reached XP level 10. HP: 54/86 MP: 9/9
  5338 | D:7      | Reached **** piety under Kikubaaqudgha
  5340 | D:7      | Reached skill level 12 in Shields
  5360 | D:7      | Found a flagged portal.
  5387 | Bailey   | Entered a bailey
  5948 | Bailey   | Noticed an orc knight
  6040 | Bailey   | Killed an orc knight
  6978 | D:8      | Reached skill level 13 in Shields
  7097 | D:8      | Found a burning altar of Makhleb.
  7097 | D:8      | Found a sacrificial altar of Ru.
  7213 | D:8      | Noticed Maurice
  7798 | D:8      | Killed Maurice
  7896 | D:8      | Reached XP level 11. HP: 87/94 MP: 10/10
  8181 | D:9      | Reached ***** piety under Kikubaaqudgha
  8196 | D:9      | Reached skill level 14 in Shields
  8204 | D:9      | HP: 4/94 [poisoned by a killer bee]
  8211 | D:9      | HP: 2/95 [poisoned by a killer bee]
  8219 | D:9      | HP: 2/95 [poisoned by a killer bee]
  8295 | D:9      | HP: 2/95 [bullfrog (5)]
  8305 | D:9      | HP: 2/95 [bullfrog (3)]
  8372 | D:9      | Noticed a two-headed ogre
  8376 | D:9      | HP: 2/95 [two-headed ogre/giant spiked club (15)]
  8378 | D:9      | Mangled by a two-headed ogre

Skill      XL: |  1  2  3  4  5  6  7  8  9 10 11 |
---------------+----------------------------------+-----
Shields        | 4 5 6 7 9 11 13 14 | 14.2
Armour         | 4 5 6 7 |  7.3
Fighting       | 4 5 6 7 8 |  8.3
Axes           | 3 6 7 8 10 11 | 11.6
Evocations     | |  0.2

Action                   |  1- 3 |  4- 6 |  7- 9 | 10-12 || total
-------------------------+-------+-------+-------+-------++-------
Melee: War axe           |    79 |    92 |    24 |       ||   195
       Headbutt          |     6 |    26 |    76 |    63 ||   171
       Hand axe          |       |       |   366 |   350 ||   716
       Unarmed           |       |       |       |     4 ||     4
Evoke: Wand              |       |     1 |     2 |     7 ||    10
  Use: Scroll            |       |     5 |     6 |     5 ||    16
       Potion            |       |     2 |     5 |     3 ||    10
  Eat: Ration            |       |     2 |     3 |     2 ||     7
       Chunk             |       |       |       |     1 ||     1
Armor: Ring mail         |    20 |    13 |    44 |    54 ||   131
       Scale mail        |     4 |       |       |       ||     4
Dodge: Dodged            |    19 |    10 |    62 |    70 ||   161
Block: Shield            |    60 |    43 |   230 |   287 ||   620
       Reflection        |       |       |     6 |    50 ||    56
